 Dungeon Crawl Stone Soup version 0.29-a0-892-g2c4c91d9db (console) character file.

Game seed: 2924297986630854979

22 CannotBeFrozen the Covered (level 3, 29/29 HPs)
             Began as a Human Fighter on July 23, 2022.
             Was a Follower of Jiyva.
             Quit the game on level 1 of the Dungeon.
             The game lasted 00:02:59 (662 turns).

CannotBeFrozen the Covered (Human Fighter)           Turns: 662, Time: 00:02:59

Health: 29/29      AC:  6    Str: 18    XL:     3   Next: 7%
Magic:  3/3        EV:  9    Int:  8    God:    Jiyva [*.....]
Gold:   33         SH:  4    Dex: 12    Spells: 2/2 levels left

rFire   . . .      SeeInvis .   a - +0 long sword
rCold   . . .      Faith    .   c - +0 buckler
rNeg    . . .      Spirit   .   b - +0 scale mail
rPois   .          Reflect  .   (no helmet)
rElec   .          Harm     .   (no cloak)
rCorr   .          Rampage  .   (no gloves)
Will    .....                   (no boots)
Stlth   ..........              (no amulet)
HPRegen 0.89/turn               (no ring)
MPRegen 0.33/turn               (no ring)

@: no status effects
A: no striking features
a: Renounce Religion


You were on level 1 of the Dungeon.
You worshipped Jiyva.
Jiyva was aware of your devotion.
You visited 1 branch of the dungeon, and saw 1 of its levels.

You collected 33 gold pieces.

Inventory:

Hand Weapons
 a - a +0 long sword (weapon)
Armour
 b - a +0 scale mail (worn)
 c - a +0 buckler (worn)
Scrolls
 g - 2 scrolls of teleportation {unknown}
Potions
 d - a potion of might
 e - a potion of brilliance {unknown}
 f - a potion of haste {unknown}


   Skills:
 + Level 3.2 Fighting
 * Level 2.5 Long Blades
 + Level 3.2 Armour
 + Level 3.2 Shields


You had 2 spell levels left.
You didn't know any spells.
Your spell library was empty.

Dungeon Overview and Level Annotations

Branches:
Dungeon (1/15)

Altars:
Jiyva


Message History

You hit the plant but do no damage. You slash the fungus!
The fungus begins to die.
The fungus is lightly damaged.
A ball python comes into view.
The ball python hisses angrily.
A ball python comes into view.
The ball python moves out of view. x2
A nearby fungus withers and dies.
You block the ball python's attack. The ball python closely misses you.
You slash the ball python!
You kill the ball python!
No target in view!
Found 6 gold pieces.
The ball python hisses angrily.
You block the ball python's attack. The ball python closely misses you.
You closely miss the ball python. You block the ball python's attack.
The ball python grabs you. The ball python constricts you.
HP: 28/29 (-1) ===========- You hit the ball python.
The ball python is severely wounded.
The ball python bites you but does no damage.
The ball python constricts you.
The ball python bites you but does no damage.
The ball python constricts you.
You barely miss the ball python.
The ball python is severely wounded.
You block the ball python's attack. The ball python constricts you.
You slash the ball python!
You kill the ball python!
No target in view!
Unknown command.
You now have 33 gold pieces (gained 6).
There are no items here.
There is a stone staircase leading down here.
There is a stone staircase leading down here.
There is a stone staircase leading down here.
There is a viscous altar of Jiyva here.
You see here a hobgoblin corpse.
Key pressed, stopping explore.
Are you sure you want to abandon this character and quit the game? (Confirm with "yes".)

#.........# #.....#................
#PP...P...#######.....##....######.....
#...[.....#...........##....# #.....
#####_#####.############....# #.....
#PP..P.P..#.# #....# #.....
#....PP...#.# #..... #...P..PP.#.#
##..P.P..PP#.# #.#P.P....#..#
###.P.PP..#..# ##....PP†#@##
#.##.PP##..# ####P.P#...# #.###..### ##
####


There were no monsters in sight!

Vanquished Creatures
  2 bats (D:1)
  2 endoplasms (D:1)
  3 hobgoblins (D:1)
  2 jackals (D:1)
  A quokka (D:1)
  5 ball pythons (D:1)
  3 kobolds (D:1)
  2 rats (D:1)
20 creatures vanquished.

Vanquished Creatures (others)
  A fungus (D:1)
  4 toadstools (D:1)
  A withered plant (D:1)
6 creatures vanquished.

Grand Total: 26 creatures vanquished

Notes
Turn   | Place    | Note
-------+----------+-------------------------------------------
     0 | D:1      | CannotBeFrozen the Human Fighter began the quest for the
                  | Orb.
     0 | D:1      | Reached XP level 1. HP: 18/18 MP: 1/1
   164 | D:1      | Reached XP level 2. HP: 24/24 MP: 2/2
   537 | D:1      | Found a faded altar of an unknown god.
   561 | D:1      | Reached XP level 3. HP: 27/29 MP: 3/3
   564 | D:1      | Prayed at the altar of an unknown god.
   564 | D:1      | Became a worshipper of Jiyva Jybaqib the Shapeless
   564 | D:1      | Reached * piety under Jiyva
   662 | D:1      | Quit the game

Illustrated notes

Levels and vault maps discovered:
D:1:      ldierk_water_garden, layout_rooms, shapermc_ecumenical_altar_gd

Action                   || total
-------------------------++-------
Melee: Long sword        ||    71
Armor: Scale mail        ||    37
Dodge: Dodged            ||    22
Block: Buckler           ||    22

Table legend: (Time is in decaauts)
 A = Elapsed time spent in this place.
 B = Non-inter-level travel time spent in this place.
 C = Inter-level travel time spent in this place.
 D = Time resting spent in this place.
 E = Time spent auto-exploring this place.
 F = Levels seen in this place.
 G = Mean time per level.
                   A        B        C        D        E       F      G
               +--------+--------+--------+--------+--------+-----+--------+
         Total |    685 |    685 |      0 |     56 |    411 |   1 |  685.0 |
       Dungeon |    685 |    685 |      0 |     56 |    411 |   1 |  685.0 |
               +--------+--------+--------+--------+--------+-----+--------+

Top non-repeatable levels by time:
     D:1: 685 daAuts
